 Dungeon Crawl Stone Soup version 0.28.0-53-g5a82cb258f (webtiles) character file.

Game seed: 6740692293867999896

38647 cbfl8 the Severer (level 13, -5/186 HPs)
             Began as a Minotaur Berserker on Aug 1, 2022.
             Was an Elder of Trog.
             Killed by mirror damage (18 damage)
             ... on level 15 of the Dungeon.
             The game lasted 00:35:15 (19589 turns).

cbfl8 the Severer (Minotaur Berserker)             Turns: 19589, Time: 00:35:15

Health: -5/186     AC: 24    Str: 22    XL:     13   Next: 64%
Magic:  0/12       EV: 11    Int:  4    God:    Trog [****..]
Gold:   893        SH:  0    Dex: 15    Spells: 12/12 levels left

rFire   . . .      SeeInvis .   c - +0 battleaxe (flame)
rCold   + . .      Faith    .   (shield currently unavailable)
rNeg    . . .      Spirit   +   f - +2 plate armour {rC+}
rPois   .          Reflect  .   (helmet restricted)
rElec   .          Harm     .   j - +0 cloak
rCorr   .          Rampage  .   (no gloves)
Will    .....                   o - +0 pair of boots
Stlth   ..........              s - amulet of guardian spirit
HPRegen 0.41/turn               K - +4 ring of protection
MPRegen 0.13/turn               (no ring)

@: berserking, slowed
A: horns 2, retaliatory headbutt
a: Renounce Religion, Berserk, Trog's Hand, Brothers in Arms


You were on level 15 of the Dungeon.
You worshipped Trog.
Trog was greatly pleased with you.
You visited 1 branch of the dungeon, and saw 15 of its levels.
You also visited: Ossuary and Ice Cave.

You collected 893 gold pieces.

Inventory:

Hand Weapons
 a - the +5 war axe "Wucliuw" {flame, Str+7}
   (You found it on level 9 of the Dungeon)

   It burns those it strikes, dealing additional fire damage.
   Big, fiery blades are also staple armaments of hydra-hunters.
   Str:       It affects your strength (+7).
 c - a +0 battleaxe of flaming (weapon)
 M - a +0 war axe of freezing
Armour
 f - a +2 plate armour of cold resistance (worn)
 g - a +10 plate armour of ponderousness
 j - a +0 cloak (worn)
 m - a +4 scale mail of poison resistance
 o - a +0 pair of boots (worn)
 G - a +0 kite shield
Jewellery
 s - an amulet of guardian spirit (around neck)
 K - a +4 ring of protection (left hand)
Wands
 h - a wand of charming (9)
 y - a wand of polymorph (4)
 z - a wand of flame (55) (quivered)
 A - a wand of digging (12)
Scrolls
 e - 8 scrolls of teleportation
 k - 5 scrolls of fear
 n - 2 scrolls of torment {unknown}
 p - 11 scrolls of noise
 q - 4 scrolls of immolation
 t - a scroll of enchant armour
 u - a scroll of blinking
 B - 3 scrolls of enchant weapon
 D - 2 scrolls of magic mapping
Potions
 b - 4 potions of cancellation
 d - 2 potions of lignification
 i - 2 potions of berserk rage
 l - 6 potions of mutation
 r - 3 potions of haste
 w - 2 potions of attraction {unknown}
 C - a potion of invisibility {unknown}
 E - a potion of flight {unknown}
 H - a potion of might
 I - a potion of ambrosia {unknown}
 J - a potion of resistance {unknown}


   Skills:
 * Level 14.1 Fighting
 + Level 15.1 Axes
 + Level 11.0 Armour
 * Level 10.8 Dodging
 + Level 3.4 Stealth
 + Level 5.1 Shields
 * Level 8.5 Evocations


You had 12 spell levels left.
You didn't know any spells.
Your spell library was empty.

Dungeon Overview and Level Annotations

Branches:
Dungeon (15/15)            Temple (0/1) D:6            Lair (0/6) D:8
    Orc (0/2) D:11        Ossuary (visited)           IceCv (visited)
 Vaults: D:13-14     Depths: D:15

Altars:
Gozag
Nemelex Xobeh

Shops:
D:1 :   D:2 (

Annotations:
D:12 Sonja


Innate Abilities, Weirdness & Mutations

You have a pair of horns on your head.
You reflexively headbutt those who attack you in melee.


Message History

The centaur warrior shoots an arrow.
The arrow hits you!!
You are too injured to fight recklessly!
Unknown command.
You are too injured to fight recklessly!
Unknown command.
You are too injured to fight recklessly!
You slice the wraith!! You burn the wraith!
You destroy the wraith!
Trog accepts your kill.
The death knight invokes the aid of Yredelemnul against you.
Your body is wracked with pain!
* * * LOW HITPOINT WARNING * * *
You slice the freezing wraith!! You burn the freezing wraith.
The freezing wraith is heavily damaged.
The centaur warrior shoots an arrow.
The arrow hits you but does no damage.
The freezing wraith hits you but does no damage.
The freezing wraith barely misses you.
You closely miss the freezing wraith.
Your headbutt misses the freezing wraith.
The freezing wraith is heavily damaged.
The centaur warrior shoots an arrow.
The arrow hits you but does no damage.
You hit the freezing wraith but do no damage.
The freezing wraith is heavily damaged.
The freezing wraith closely misses you. The freezing wraith hits you.
* * * LOW HITPOINT WARNING * * *
The freezing wraith drains your vigour!
You feel yourself slow down.
You slice the freezing wraith!! You burn the freezing wraith!
You destroy the freezing wraith!
Trog accepts your kill.
You hit the death knight. You burn the death knight.
The death knight reflects your damage back at you!
* * * LOW HITPOINT WARNING * * *
The death knight hits you with a +2 great mace!!
* * * LOW HITPOINT WARNING * * *
Your Armour skill increases to level 11!
You slice the death knight!! You burn the death knight.
Your headbutt misses the death knight.
The death knight is moderately wounded.
The death knight reflects your damage back at you!
You die...

#...####.....
#########............
#....................
####....................
#.....♣...♣.♣.♣...♣.♣.♣.
(.......................
........................
..........).....@p.c....
....♣...♣.♣.♣...♣.♣.♣.♣.
.#..................
##....................
###################.....
### ...#. ...# ..# ...#
... ...# ..


You could see a death knight (reflects damage) and a centaur warrior.

Vanquished Creatures
  Jorgrun (D:12)
  Azrael (D:14)
  2 boulder beetles
  A hydra (D:14)
  3 centaur warriors
  A catoblepas (D:14)
  A death knight (D:13)
  4 two-headed ogres
  The ghost of LustLizard the Cleaver, a novice MiBe of Trog (D:10)
  3 tengu warriors (D:15)
  Nergalle (D:12)
  The ghost of turdburglar the Blocker, a novice GnFi (D:8)
  A skeletal warrior (D:15)
  2 orc knights
  A phantasmal warrior (D:13)
  3 deep elf pyromancers (D:13)
  6 ugly things
  2 manticores (D:14)
  3 cyclopes
  A moth of wrath (shapeshifter) (D:13)
  3 ice statues (IceCv)
  2 komodo dragons
  2 unseen horrors (D:13)
  A freezing wraith (D:15)
  A kobold demonologist (D:13)
  2 ice devils (D:13)
  2 efreet
  A tengu conjurer (D:15)
  4 trolls
  3 slime creatures (D:15)
  Sigmund (D:2)
  2 dire elephant simulacra (IceCv)
  A water elemental (D:13)
  4 wraiths
  30 yaks
  A steam dragon (D:8)
  A fire elemental (D:14)
  5 vampire mosquitoes
  3 wargs (D:7)
  3 acid dragons
  A harpy simulacrum (IceCv)
  Edmund (D:5)
  2 water moccasins
  3 hell hounds (D:14)
  An ice beast (D:5)
  An ice beast (shapeshifter) (D:14)
  2 orc warriors
  2 necrophages (D:6)
  6 ogres
  6 centaurs
  A phantom (D:7)
  A kobold brigand (D:10)
  2 bullfrogs
  A gnoll sergeant (D:10)
  2 cane toad simulacra (IceCv)
  A water moccasin skeleton (D:5)
  13 killer bees
  14 wights
  6 howler monkeys
  A centaur zombie (Ossuary)
  2 hounds
  A jelly (D:7)
  10 orc priests
  2 bullfrog skeletons
  2 iguanas
  16 orc wizards
  A polar bear simulacrum (IceCv)
  2 killer bee zombies (D:8)
  A wolf simulacrum (IceCv)
  3 mummies (Ossuary)
  4 howler monkey zombies
  7 gnolls
  5 adders
  2 shadow imps (D:7)
  An ufetubus (D:5)
  3 worms
  4 dart slugs
  56 orcs
  8 ball pythons
  7 bats
  7 endoplasms
  A giant cockroach (D:2)
  4 goblins
  3 hobgoblins
  3 jackals (D:4)
  9 kobolds
  2 quokkas
  2 frilled lizards
  3 goblin zombies (Ossuary)
  2 kobold zombies (Ossuary)
  2 orc zombies (Ossuary)
  5 rats
358 creatures vanquished.

Vanquished Creatures (collateral kills)
  An ogre mage (D:15)
1 creature vanquished.

Vanquished Creatures (others)
  4 bushes (D:15)
  6 plants
10 creatures vanquished.

Grand Total: 369 creatures vanquished

Notes
Turn   | Place    | Note
-------+----------+-------------------------------------------
     0 | D:1      | cbfl8 the Minotaur Berserker began the quest for the Orb.
     0 | D:1      | Reached XP level 1. HP: 19/19 MP: 0/0
   380 | D:1      | Found Xios's Book Shoppe.
   423 | D:1      | Reached XP level 2. HP: 27/27 MP: 1/1
   872 | D:2      | Reached skill level 4 in Axes
   875 | D:2      | Reached XP level 3. HP: 34/34 MP: 2/2
  1109 | D:2      | Noticed Sigmund
  1111 | D:2      | Reached XP level 4. HP: 41/41 MP: 3/3
  1120 | D:2      | Killed Sigmund
  1121 | D:2      | Reached skill level 5 in Fighting
  1121 | D:2      | Reached skill level 1 in Evocations
  1121 | D:2      | Reached XP level 5. HP: 46/50 MP: 4/4
  1361 | D:2      | Reached ** piety under Trog
  1624 | D:2      | Reached XP level 6. HP: 57/57 MP: 5/5
  1948 | D:2      | Found Raraej's Antique Weapon Shop.
  2257 | D:3      | Reached skill level 5 in Axes
  2873 | D:3      | You fall into a shaft and drop 2 floors!
  2873 | D:5      | Entered Level 5 of the Dungeon
  2929 | D:5      | Noticed Edmund
  2941 | D:5      | Killed Edmund
  3104 | D:5      | Found a sand-covered staircase.
  3108 | Ossuary  | Entered an ossuary
  3221 | Ossuary  | Reached XP level 7. HP: 62/63 MP: 6/6
  3627 | D:4      | Reached skill level 6 in Axes
  3817 | D:4      | Reached *** piety under Trog
  4550 | D:5      | Reached XP level 8. HP: 73/73 MP: 7/7
  4919 | D:6      | Found a staircase to the Ecumenical Temple.
  4922 | D:6      | Reached skill level 7 in Axes
  4922 | D:6      | Reached skill level 5 in Dodging
  5483 | D:6      | Reached skill level 5 in Armour
  6138 | D:7      | Reached skill level 8 in Axes
  6139 | D:7      | Reached XP level 9. HP: 81/81 MP: 8/8
  6851 | D:7      | Reached skill level 9 in Axes
  7018 | D:7      | Reached **** piety under Trog
  7192 | D:8      | Found a staircase to the Lair.
  7321 | D:7      | Reached skill level 1 in Stealth
  7862 | D:8      | Reached skill level 5 in Evocations
  8000 | D:8      | Reached XP level 10. HP: 83/91 MP: 9/9
  8057 | D:8      | Found a runed translucent door.
  8081 | D:8      | Reached skill level 10 in Axes
  8117 | D:8      | Noticed turdburglar's ghost (novice GnFi)
  9066 | D:8      | Killed turdburglar's ghost
  9575 | D:9      | Identified the +5 war axe "Wucliuw" {flame, Str+7}
  9954 | D:9      | Reached skill level 10 in Fighting
 10009 | D:9      | Noticed a cyclops
 10015 | D:9      | Killed a cyclops
 10016 | D:9      | Reached skill level 11 in Axes
 10079 | D:10     | Entered Level 10 of the Dungeon
 10079 | D:10     | Noticed a boulder beetle
 11031 | D:10     | Found a runed translucent door.
 11033 | D:10     | Noticed LustLizard's ghost (novice MiBe)
 11055 | D:10     | Killed a boulder beetle
 11056 | D:10     | Reached XP level 11. HP: 101/101 MP: 10/10
 11141 | D:10     | Found a sparkling altar of Nemelex Xobeh.
 11142 | D:10     | Found an opulent altar of Gozag.
 11150 | D:10     | Reached ***** piety under Trog
 11327 | D:10     | Noticed a two-headed ogre
 11334 | D:10     | Killed a two-headed ogre
 11693 | D:10     | Killed LustLizard's ghost
 11694 | D:10     | Reached skill level 12 in Axes
 11802 | D:11     | Found a staircase to the Orcish Mines.
 11817 | D:11     | Reached skill level 1 in Shields
 12519 | D:11     | Noticed a two-headed ogre
 12525 | D:11     | Killed a two-headed ogre
 12874 | D:12     | Noticed a cyan ugly thing
 12927 | D:13     | Noticed a deep elf pyromancer
 12936 | D:13     | Noticed a deep elf pyromancer
 12946 | D:13     | Killed a deep elf pyromancer
 12946 | D:13     | Received a gift from Trog
 12947 | D:13     | Reached skill level 13 in Axes
 12949 | D:13     | Noticed a boulder beetle
 12998 | D:13     | Noticed a centaur warrior
 13004 | D:13     | Noticed an orc knight
 13074 | D:13     | Found a frozen archway.
 13245 | IceCv    | Entered an ice cave
 13485 | IceCv    | Noticed a white ugly thing
 13497 | IceCv    | Killed a white ugly thing
 13498 | IceCv    | Reached XP level 12. HP: 112/112 MP: 11/11
 14368 | D:13     | Killed a centaur warrior
 14574 | D:12     | Noticed Nergalle
 14574 | D:12     | Noticed Jorgrun
 14580 | D:12     | Killed Nergalle
 14594 | D:12     | Killed Jorgrun
 14595 | D:12     | Reached skill level 14 in Axes
 14614 | D:12     | Noticed a four-headed hydra
 14768 | D:12     | Noticed Sonja
 14967 | D:13     | Noticed a death knight
 14974 | D:13     | Killed a death knight
 15337 | D:13     | Reached skill level 10 in Armour
 15647 | D:13     | Killed a boulder beetle
 16133 | D:14     | Noticed a centaur warrior
 16135 | D:14     | Noticed a catoblepas
 16142 | D:14     | Noticed a six-headed hydra
 16144 | D:14     | Killed a centaur warrior
 16145 | D:14     | Reached skill level 10 in Dodging
 16148 | D:14     | Killed a catoblepas
 16149 | D:14     | Reached XP level 13. HP: 122/122 MP: 9/12
 17851 | D:14     | Noticed Azrael
 17870 | D:14     | Killed Azrael
 18376 | D:15     | Entered Level 15 of the Dungeon
 18955 | D:15     | Paralysed by something for 6 turns
 18978 | D:15     | HP: 3/184 [something (9)]
 19000 | D:15     | Reached skill level 15 in Axes
 19000 | D:15     | Reached skill level 5 in Shields
 19589 | D:15     | Killed by mirror damage

Illustrated notes

Levels and vault maps discovered:
D:1:      dpeg_arrival_round_c, layout_loops_ring, serial_shops, shop,
          nrook_mini_vaults
D:2:      layout_loops_corners, serial_shops, nicolae_lakefront_shop, hex_tiny,
          uniq_sigmund
D:3:      layout_loops_corners
D:4:      layout_gridville
D:5:      layout_basic, enter_ossuary_5, uniq_edmund
D:6:      layout_loops_corners, temple_statues
D:7:      layout_basic, minmay_a_box_with_orc_wizards_in_it
D:8:      layout_basic, erik_lair_orcish_takeover,
          hellmonk_ghost_happy_afterlife, skrybe_limestone_x,
          minmay_misc_feat_enclosed
D:9:      layout_basic, kennysheep_nub
D:10:     layout_cave_pools, grunt_temple_overflow_opulence,
          gammafunk_ghost_grave
D:11:     layout_basic, david_orc_3
D:12:     layout_cave_pools, minmay_joined_circles, uniq_sonja, uniq_jorgrun,
          uniq_nergalle
D:13:     nzn_winding_woodlands_medium [nzn_winding_woodlands_5x5_default,
          nzn_winding_woodlands_5x15_twine,
          nzn_winding_woodlands_5x5_checkerboard,
          nzn_winding_woodlands_5x5_default,
          nzn_winding_woodlands_center_triple_pond,
          nzn_winding_woodlands_5x5_default,
          nzn_winding_woodlands_5x5_perimeter,
          nzn_winding_woodlands_5x15_pathside_ponds,
          nzn_winding_woodlands_hourglass], layout_rooms, serial_curves,
          eino_curves_01, eino_curves_03, portal_ice_cave_demonic_guard,
          kennysheep_windowed_goal
D:14:     layout_basic, hangedman_vaults_entry_quadrant_bands, minmay_circle_x,
          uniq_azrael
D:15:     grunt_enter_depths_magical_seal, layout_cross, serial_park,
          serial_park_avenue1, serial_park_square3
          [serial_park_minivault_5x5_5], serial_park_tiny_1, serial_park_gazebo
          [serial_park_minivault_5x5_1], minmay_misc_feat_four_crosses,
          minmay_misc_feat_diagonals, st_stairs_9

Skill      XL: |  1  2  3  4  5  6  7  8  9 10 11 12 13 |
---------------+----------------------------------------+-----
Fighting       | 4 5 6 7 8 9 10 12 13 14 | 14.1
Axes           | 4 5 6 8 9 11 13 14 15 | 15.1
Armour         | 3 4 5 7 8 9 10 11 | 11.0
Dodging        | 3 4 5 6 7 8 10 | 10.8
Evocations     | 1 2 4 5 6 7 8 |  8.5
Stealth        | 1 2 3 |  3.4
Shields        | 2 4 5 |  5.1

Action                   |  1- 3 |  4- 6 |  7- 9 | 10-12 | 13-15 || total
-------------------------+-------+-------+-------+-------+-------++-------
Melee: Hand axe          |    52 |    91 |       |       |       ||   143
       Headbutt          |     6 |    19 |    48 |    88 |    33 ||   194
       Punch             |     1 |     3 |     2 |     1 |       ||     7
       War axe           |       |    21 |   239 |   431 |   136 ||   827
       Battleaxe         |       |       |       |       |    11 ||    11
Invok: Berserk           |     1 |     4 |     4 |    16 |     3 ||    28
       Trog's Hand       |       |       |       |     1 |     1 ||     2
Evoke: Wand              |       |       |     5 |    29 |    11 ||    45
  Use: Scroll            |       |       |     5 |    14 |     9 ||    28
       Potion            |       |       |       |    12 |     3 ||    15
 Stab: Paralysed         |       |       |     2 |     9 |       ||    11
       Petrified         |       |       |       |     2 |       ||     2
Armor: Animal skin       |     7 |       |       |       |       ||     7
       Scale mail        |     5 |     4 |   113 |   100 |       ||   222
       Chain mail        |     8 |    52 |       |       |       ||    60
       Skin              |       |       |       |    14 |    49 ||    63
       Plate armour      |       |       |       |    80 |   107 ||   187
Dodge: Dodged            |    32 |    53 |   154 |   193 |    62 ||   494
Block: Kite shield       |       |       |       |   103 |    62 ||   165
